 Dungeon Crawl Stone Soup version 0.21.1-1-g345015fe64 (webtiles) character file.

173634 P0NYSLAYSTATION the Fencer (level 17, -2/140 (142) HPs)
             Began as a Hill Orc Monk on June 16, 2018.
             Was a High Priest of Beogh.
             Slain by an azure jelly (7 damage)
             ... created by the Royal Jelly
             ... on level 5 of the Pits of Slime on June 17, 2018.
             The game lasted 05:23:56 (34185 turns).

P0NYSLAYSTATION the Fencer (Hill Orc Monk)         Turns: 34185, Time: 05:23:57

HP:   -2/140 (142)  AC: 30    Str: 22 (23) XL:     17   Next: 77%
MP:   11/17         EV: 10    Int: 10      God:    Beogh [*****.]
Gold: 732           SH:  9    Dex: 14      Spells: 16/16 levels left

rFire    + . .     SeeInvis .   V - +3 double sword (holy)
rCold    x . .     Gourm    +   W - +3 buckler
rNeg     . . .     Faith    .   m - +2 crystal plate armour of Indomitability {+Inv rF+ rC-}
rPois    +         Spirit   .   o - +2 helmet
rElec    .         Reflect  .   E - +1 cloak {MR+}
rCorr    +         Harm     .   T - +2 pair of gloves {Str+3}
MR       ++...                  H - +1 pair of boots of a Thousand Mice {*Contam Regen+ Slay+2}
Stlth    ..........             M - amulet of the gourmand
HPRegen  0.73/turn              g - ring of resist corrosion
MPRegen  0.15/turn              k - ring of resist corrosion

@: corroded
A: walk on water, molten scales 1, deformed body, deterioration 1, frail 1, low
mp 2, poison resistance, screaming 1, subdued magic 1, sturdy frame 1
}: 1/15 runes: gossamer
a: Smiting, Recall Orcish Followers, Give Item to Named Follower, Renounce
Religion, Evoke Invisibility


You were on level 5 of the Pits of Slime.
You worshipped Beogh.
Beogh was extremely pleased with you.
You were not hungry.

You visited 7 branches of the dungeon, and saw 33 of its levels.
You also visited: Labyrinth.

You collected 2642 gold pieces.
You spent 1910 gold pieces at shops.

Inventory:

Hand Weapons
 a - a +1 war axe of electrocution
 f - a +0 spear of venom
 u - the +3 whip of Wess {elec, +Inv Dex+3 Stlth+}
   (You found it on level 10 of the Dungeon)

   Occasionally, upon striking a foe, it will discharge some electrical energy
   and cause terrible harm.
   It affects your dexterity (+3).
   It lets you turn invisible.
   It makes you more stealthy.
 y - a +1 arbalest
 C - a +2 glaive of flaming
 V - a +3 double sword of holy wrath (weapon)
 Z - a +0 broad axe of electrocution
Missiles
 i - 43 tomahawks (quivered)
 w - 2 silver javelins
Armour
 m - the +2 crystal plate armour of Indomitability (worn) {+Inv rF+ rC-}
   (You bought it in a shop on level 12 of the Dungeon)

   It protects you from fire.
   It makes you vulnerable to cold.
   It lets you turn invisible.
 o - a +2 helmet (worn)
 q - a +3 scale mail of magic resistance
 E - a +1 cloak of magic resistance (worn)
 H - the +1 pair of boots of a Thousand Mice (worn) {*Contam Regen+ Slay+2}
   (You acquired it on level 2 of the Lair of Beasts)

   It affects your accuracy and damage with ranged weapons and melee attacks
   (+2).
   It causes magical contamination when unequipped.
   It increases your rate of regeneration.
 S - a +1 plate armour
 T - a +2 pair of gloves of strength (worn)
 W - a +3 buckler (worn)
Jewellery
 e - an uncursed ring of see invisible
 g - a ring of resist corrosion (left hand)
 h - an uncursed ring of poison resistance
 k - a ring of resist corrosion (right hand)
 s - an uncursed ring of protection from magic
 A - an uncursed ring of fire
 G - an uncursed ring of protection from cold
 M - an amulet of the gourmand (around neck)
Wands
 d - a wand of random effects (11)
 l - a wand of clouds (2)
 r - a wand of polymorph (10)
 z - a wand of flame (31)
 B - a wand of digging (24)
 F - a wand of paralysis (11)
 U - a wand of disintegration (25)
Scrolls
 j - 12 scrolls of teleportation
 p - 3 scrolls of fog
 x - 5 scrolls of fear
 D - 4 scrolls of magic mapping
 I - 3 scrolls of remove curse
 K - 5 scrolls of amnesia
 O - a scroll of silence
 Q - 2 scrolls of summoning
 X - 3 scrolls of brand weapon
 Y - 12 scrolls of identify
Potions
 b - a potion of magic
 n - a potion of mutation
 t - a potion of haste
 v - 3 potions of brilliance
 J - a potion of agility
 L - a potion of lignification
 N - 2 potions of ambrosia
Comestibles
 c - 36 rations


   Skills:
 + Level 15.8 Fighting
 + Level 17.2 Long Blades
 + Level 10.0 Polearms
 + Level 3.2 Throwing
 * Level 16.6 Armour
 + Level 8.1 Dodging
 + Level 5.9 Stealth
 + Level 8.8 Shields
 + Level 6.5 Invocations
 + Level 2.9 Evocations


You had 16 spell levels left.
You didn't know any spells.

Dungeon Overview and Level Annotations

Branches:
Dungeon (14/15)            Temple (1/1) D:7            Lair (6/6) D:9
 Shoals (0/4) Lair:2       Spider (4/4) Lair:2        Slime (5/5) Lair:5
    Orc (2/2) D:11            Elf (1/3) Orc:2        Vaults (0/5) D:14

Altars:
Ashenzari
Cheibriados
Dithmenos
Elyvilon
Fedhas
Gozag
Hepliaklqana
Kikubaaqudgha
Makhleb
Nemelex Xobeh
Okawaru
Qazlal
Ru
Sif Muna
Trog
Uskayaw
Vehumet
Wu Jian
Xom
Yredelemnul
Zin
The Shining One
Beogh
Jiyva

Shops:
D:5 [   D:11 *   D:12 [   Orc:2 :*([

Annotations:
D:3 Lokiki's ghost, amateur DsGl


Innate Abilities, Weirdness & Mutations

You can walk on water.
You are partially covered in molten scales. (AC +2)
Armour fits poorly on your strangely shaped body.
Your body sometimes deteriorates upon taking damage.
You are frail. (-10% HP)
Your magical capacity is very low. (-20% MP)
Your system is resistant to poisons. (rPois)
You occasionally shout uncontrollably at your foes.
Your spells are a little easier to cast, but a little less powerful.
Your movements are slightly less encumbered by armour. (ER -2)


Message History

You feel your flesh rotting away! The death ooze closely misses you.
Gorg hits the azure jelly with a scimitar of holy wrath!!!
Gorg blocks the azure jelly's attack. x2; The azure jelly barely misses Gorg.
Gorg blocks the azure jelly's attack.
Your orc knight closely misses the azure jelly.
The slime creature hits Zorug.
You catch the helpless azure jelly completely off-guard!
You hit the azure jelly but do no damage.
The azure jelly is almost dead.
Zorug hits the slime creature with a +2 eveningstar of crushing!!
The slime creature dies!
Beogh accepts your kill. You block the death ooze's attack.
The death ooze hits you but does no damage.
Gorg blocks the death ooze's attack. x2; You block the azure jelly's attack.
The azure jelly hits you but does no damage.
The azure jelly hits you.
* * * LOW HITPOINT WARNING * * *
The azure jelly hits you!
You die...

#...^.................
####.....................
#........................
###.......................
#..................oo.....
#.#..............Jo.oo....
##................JJooo...
#.......JJ.......J).o..#.
#......o@JJ.....(.)...###
#......(oo....(......##
#..........o.........###?$
#...................###))(#
...................# #:[φ)?
................... #%?}?#
#................. ##)?#}
.................. #####
#.............. #...#


You could see an azure jelly, 3 death oozes, the friendly Zorug the orc warlord,
a friendly orc knight, the friendly Gorg the orc knight and the friendly Zorug
the orc knight.

Vanquished Creatures
  the Royal Jelly (Slime:5)
  5 acid blobs
  An azure jelly (Slime:4)
  The ghost of Baz the Thaumaturge, an adept GnSu of Uskayaw (Lair:3)
  The ghost of Losanti the Severer, a journeyman MiBe of Trog (Spider:1)
  3 ghost moths (Spider:4)
  An orc warlord (Orc:1)
  Louise (Spider:1)
  An entropy weaver (Spider:3)
  A deep elf death mage (Elf:1)
  4 death oozes
  5 great orbs of eyes
  2 vault guards (D:14)
  3 centaur warriors
  4 hydras
  3 two-headed ogres
  An orc high priest (Orc:1)
  8 spriggans (Lair:6)
  A sixfirhy (D:14)
  A deep elf archer (Elf:1)
  A flayed ghost (D:8)
  6 orb spiders
  2 deep elf magi
  A manticore (D:12)
  8 wolf spiders
  A cyclops (D:12)
  3 ugly things (D:14)
  4 shining eyes
  A black mamba (Lair:2)
  A torpor snail (Lair:6)
  2 gargoyles (D:14)
  3 spiny frogs
  3 demonic crawlers
  A rime drake (Lair:6)
  A yaktaur (D:14)
  An ice devil (D:11)
  2 trolls (Orc:1)
  A queen bee (D:10)
  7 jumping spiders
  4 hornets
  8 blink frogs
  43 slime creatures
  A dream sheep (Lair:6)
  3 hippogriffs
  A vampire (D:14)
  19 yaks
  44 redbacks
  20 tarantellas
  3 wraiths
  2 basilisks
  3 golden eyes (Slime:5)
  A hungry ghost (D:12)
  A vampire mosquito (D:12)
  5 wargs
  A soldier ant (D:11)
  A water moccasin (Lair:1)
  A porcupine (Lair:2)
  5 orc warriors
  An ice beast (D:11)
  5 eyes of draining
  3 black bears
  A necrophage (D:5)
  A centaur (D:11)
  2 phantoms
  7 ogres
  7 wolves
  6 crocodiles
  7 bullfrogs
  A wyvern skeleton (D:11)
  Dowan (D:6)
  2 scorpions
  18 killer bees (D:10)
  4 wights
  7 electric eels
  5 crimson imps
  3 centaur zombies
  A bullfrog zombie (D:8)
  2 jellies (D:6)
  5 hounds
  2 orc priests
  3 bullfrog skeletons
  3 centaur skeletons
  3 iguanas
  3 orc wizards
  7 worker ants
  4 gnolls
  9 adders
  An adder skeleton (D:10)
  A worm (D:6)
  5 dart slugs
  7 leopard geckos
  18 orcs
  6 giant cockroaches
  9 goblins
  3 hobgoblins
  10 jackals
  4 quokkas
  4 ball pythons
  15 bats
  7 frilled lizards
  A jackal skeleton (D:4)
  6 kobolds
  A leopard gecko skeleton (D:6)
  A quokka zombie (D:7)
  10 rats
495 creatures vanquished.

Vanquished Creatures (collateral kills)
  Rupert (D:13)
  11 acid blobs (Slime:5)
  Kirke (Lair:5)
  3 azure jellies (Slime:5)
  3 ghost moths
  3 emperor scorpions
  The ghost of dracomuter the Severer, a journeyman DgCj (Lair:3)
  4 entropy weavers
  3 spark wasps (Spider:4)
  A minotaur (Lair:2)
  7 death oozes (Slime:5)
  A great orb of eyes (Slime:5)
  3 vault guards (D:14)
  6 hydras
  A two-headed ogre (D:14)
  A catoblepas (Lair:5)
  An ogre mage (D:14)
  A death knight (D:11)
  2 death yaks (Lair:5)
  5 orc high priests
  27 slime creatures
  An unseen horror (D:13)
  12 orb spiders
  2 orc knights
  13 wolf spiders
  An ugly thing (D:13)
  2 orc sorcerers (Orc:2)
  2 shining eyes
  2 oklob plants (Spider:3)
  A manticore (D:13)
  A centaur zombie (D:14)
  A moth of wrath (Spider:3)
  Joseph (D:7)
  3 black mambas
  An eye of devastation (Slime:5)
  Maurice (D:8)
  2 gargoyles (D:14)
  4 torpor snails
  9 spiny frogs
  A centaur skeleton (D:14)
  A freezing wraith (D:11)
  2 rime drakes (Lair:4)
  5 demonic crawlers
  An ice devil (D:11)
  4 komodo dragons
  The ghost of P0NYSLAYSTATION the Skirmisher, an amateur HOMo (D:7)
  17 jumping spiders
  4 polar bears
  6 trolls
  10 hornets
  7 hippogriffs
  13 blink frogs
  58 redbacks
  40 yaks
  16 tarantellas
  A wyvern (Lair:3)
  A vampire (D:14)
  6 wraiths
  5 spriggans (Lair:6)
  5 hogs (Lair:5)
  3 vampire mosquitoes
  3 golden eyes (Slime:5)
  4 basilisks
  5 wargs
  2 hungry ghosts
  11 water moccasins
  Duvessa (D:6)
  6 porcupines
  2 sky beasts
  9 orc warriors
  A phantom (D:13)
  2 black bears (Lair:6)
  A necrophage (D:10)
  An eye of draining (Slime:3)
  3 ice beasts
  15 wolves
  4 boggarts (Lair:6)
  7 centaurs
  6 crocodiles
  An ogre (D:7)
  2 big kobolds
  A gnoll sergeant (Orc:2)
  8 bullfrogs
  2 scorpions
  9 killer bees (D:10)
  4 wights
  3 howler monkeys (D:14)
  5 crimson imps
  A bullfrog zombie (D:6)
  4 jellies
  9 hounds
  5 orc wizards
  6 orc priests
  2 iguanas (D:9)
  7 worker ants
  4 gnolls (Orc:2)
  An adder (D:10)
  10 orcs
  A giant cockroach (D:3)
  A kobold (D:12)
  A quokka (D:8)
  A bat (D:8)
  2 bushes
  27 fungi
  10 plants
562 creatures vanquished.

Vanquished Creatures (others)
  3 orc warlords
  12 orc knights
  5 orc sorcerers
  A wolf spider (Spider:2)
  A redback (Spider:4)
  7 orc wizards
  17 orc warriors
  11 orc priests
  40 orcs
  4 fungi
101 creatures vanquished.

Grand Total: 1158 creatures vanquished

Notes
Turn   | Place    | Note
-------+----------+-------------------------------------------
     0 | D:1      | P0NYSLAYSTATION the Hill Orc Monk began the quest for the Orb.
     0 | D:1      | Reached XP level 1. HP: 19/19 MP: 1/1
   131 | D:3      | Reached XP level 2. HP: 27/27 MP: 2/2
   435 | D:2      | Found a sparkling altar of Nemelex Xobeh.
   529 | D:2      | Reached XP level 3. HP: 21/33 MP: 3/3
   790 | D:2      | Reached skill level 1 in Armour
   847 | D:3      | Reached skill level 4 in Long Blades
   956 | D:3      | Reached XP level 4. HP: 37/40 MP: 4/4
  1169 | D:4      | Reached XP level 5. HP: 38/47 MP: 5/5
  1328 | D:3      | Found a hazy altar of Hepliaklqana.
  1492 | D:5      | Entered Level 5 of the Dungeon
  1553 | D:4      | Became a worshipper of Beogh the Brigand
  1553 | D:4      | Reached * piety under Beogh
  1553 | D:4      | Reached ** piety under Beogh
  2499 | D:3      | Noticed Lokiki's ghost (amateur DsGl)
  3065 | D:3      | Reached skill level 5 in Long Blades
  3228 | D:4      | Reached XP level 6. HP: 34/53 MP: 6/6
  3370 | D:4      | Reached skill level 1 in Polearms
  3582 | D:5      | Noticed a necrophage
  3602 | D:5      | Killed a necrophage
  4095 | D:5      | Found Werhag Rien's Antique Armour Shoppe.
  4121 | D:5      | Bought a runed scale mail for 196 gold pieces
  4275 | D:5      | Reached XP level 7. HP: 59/59 MP: 7/7
  4683 | D:5      | Found a burning altar of Makhleb.
  4797 | D:6      | Reached skill level 5 in Fighting
  4809 | D:6      | Reached *** piety under Beogh
  5382 | D:6      | Found a snail-covered altar of Cheibriados.
  5623 | D:6      | Found a deep blue altar of Sif Muna.
  5680 | D:6      | Noticed Duvessa
  5688 | D:6      | Noticed Dowan
  5695 | D:6      | Killed Dowan
  5695 | D:6      | Reached XP level 8. HP: 69/69 MP: 8/8
  5708 | D:6      | Killed Duvessa
  5863 | D:6      | Reached skill level 5 in Armour
  6187 | D:7      | Found a shattered altar of Ashenzari.
  6200 | D:7      | Noticed P0NYSLAYSTATION's ghost (amateur HOMo)
  6213 | D:7      | Killed P0NYSLAYSTATION's ghost
  6213 | D:7      | Reached skill level 5 in Polearms
  6252 | D:7      | Found a shadowy altar of Dithmenos.
  6341 | D:7      | Found an ancient bone altar of Kikubaaqudgha.
  6353 | D:7      | Reached skill level 1 in Invocations
  6416 | D:7      | Noticed Joseph
  6440 | D:7      | Killed Joseph
  6440 | D:7      | Reached skill level 1 in Throwing
  6440 | D:7      | Reached XP level 9. HP: 32/75 MP: 9/9
  6693 | D:8      | Noticed a hornet
  6706 | D:8      | Killed a hornet
  6943 | D:8      | Found a shadowy altar of Dithmenos.
  7287 | D:8      | Found a glowing golden altar of the Shining One.
  7297 | D:8      | Found an iron altar of Okawaru.
  7299 | D:8      | Found a runed door.
  7313 | D:8      | Found a radiant altar of Vehumet.
  7314 | D:8      | Found a sparkling altar of Nemelex Xobeh.
  7322 | D:8      | Noticed a flayed ghost
  7345 | D:8      | HP: 3/117 [flayed ghost (14)]
  7349 | D:8      | Killed a flayed ghost
  7634 | D:8      | Found a bloodstained altar of Trog.
  7647 | D:8      | Found a snail-covered altar of Cheibriados.
  7848 | D:9      | Found a stormy altar of Qazlal.
  8148 | D:9      | Reached skill level 5 in Dodging
  8148 | D:9      | Reached XP level 10. HP: 84/84 MP: 11/11
  8153 | D:9      | Found an opulent altar of Gozag.
  8225 | D:9      | Reached **** piety under Beogh
  8609 | D:10     | Entered Level 10 of the Dungeon
  8634 | D:10     | Reached skill level 6 in Long Blades
  8741 | D:10     | Got a jewelled whip
  8951 | D:10     | Identified the cursed +3 whip of Wess {elec, +Inv Dex+3 Stlth+} (You found it on level 10 of the Dungeon)
  9017 | D:10     | Reached skill level 1 in Shields
  9035 | D:10     | Reached skill level 7 in Long Blades
  9431 | D:12     | Noticed a cyclops
  9436 | D:12     | Killed a cyclops
  9476 | D:12     | Reached skill level 8 in Long Blades
  9650 | D:10     | Reached ***** piety under Beogh
  9895 | D:8      | Noticed Maurice
  9903 | D:8      | Killed Maurice
  9950 | D:7      | Found a staircase to the Ecumenical Temple.
  9965 | Temple   | Entered the Ecumenical Temple
 10183 | D:7      | Found a radiant altar of Vehumet.
 10303 | D:8      | Reached XP level 11. HP: 94/94 MP: 12/12
 11504 | D:9      | Found a staircase to the Lair.
 12126 | Lair:1   | Entered Level 1 of the Lair of Beasts
 12622 | Lair:1   | Reached skill level 9 in Long Blades
 12958 | Lair:2   | Found a labyrinth entrance.
 12963 | Lab      | Entered a labyrinth
 14377 | Lab      | Noticed a minotaur
 14384 | Lab      | Found the +5 pair of quick blades "Gyre" and "Gimble" {pierce, Dex-3}
 14757 | Lair:1   | Noticed a four-headed hydra
 14827 | Lair:1   | Killed a four-headed hydra
 15625 | Lair:2   | Killed a minotaur
 15625 | Lair:2   | Reached skill level 10 in Armour
 15873 | Lair:2   | Identified a scroll of acquirement
 15875 | Lair:2   | Got a pair of dazzling boots
 15881 | Lair:2   | Identified the +1 pair of boots of a Thousand Mice {*Contam Regen+ Slay+2} (You acquired it on level 2 of the Lair of Beasts)
 15932 | Lair:2   | Noticed a lindwurm
 16018 | Lair:2   | Found a staircase to the Shoals.
 16052 | Lair:2   | Found a hole to the Spider Nest.
 16052 | Lair:2   | Noticed a wolf spider
 16059 | Lair:2   | Killed a wolf spider
 16286 | Lair:2   | Noticed a lindwurm
 16286 | Lair:2   | Noticed a lindwurm
 16288 | Lair:2   | Noticed a lindwurm
 16429 | Lair:3   | Noticed Baz's ghost (adept GnSu)
 16693 | D:10     | Reached XP level 12. HP: 27/104 MP: 14/14
 17170 | D:10     | Gained Bogbarth as an ally
 17421 | D:11     | Reached skill level 10 in Long Blades
 17559 | D:12     | Found Fifudd's Armour Emporium.
 17568 | D:12     | Bought a +0 pair of gloves of strength for 172 gold pieces
 17607 | D:11     | Noticed a centaur warrior
 17620 | D:11     | Killed a centaur warrior
 17705 | D:11     | Noticed a death knight
 17712 | D:11     | Killed a death knight
 17744 | D:11     | Found a staircase to the Orcish Mines.
 17780 | D:11     | Found Rofeuwn's Elemental Accessories.
 18004 | Orc:1    | Entered Level 1 of the Orcish Mines
 18062 | Orc:1    | Noticed an orc high priest
 18098 | Orc:1    | Noticed a soul eater
 18099 | Orc:1    | Killed an orc high priest
 18104 | Orc:1    | Found a roughly hewn altar of Beogh.
 18154 | Orc:1    | Reached skill level 1 in Evocations
 18170 | Orc:1    | Reached skill level 10 in Fighting
 18407 | Orc:2    | Entered Level 2 of the Orcish Mines
 18407 | Orc:2    | Found a staircase to the Elven Halls.
 18698 | Lair:3   | Killed Baz's ghost
 19039 | Lair:3   | Noticed dracomuter's ghost (journeyman DgCj)
 19048 | Lair:3   | Your ally Bogbarth died
 19050 | Lair:3   | Killed dracomuter's ghost
 19050 | Lair:3   | Reached skill level 11 in Long Blades
 19087 | Lair:3   | Noticed a six-headed hydra
 19098 | Lair:3   | Killed a five-headed hydra
 19098 | Lair:3   | Gained Oruk as an ally
 19112 | Lair:3   | Reached XP level 13. HP: 65/114 MP: 16/16
 19603 | Orc:2    | Noticed an orc warlord
 20222 | Lair:4   | Gained Orkwin as an ally
 20308 | Lair:4   | Reached ****** piety under Beogh
 20830 | Lair:5   | Noticed Kirke
 20834 | Lair:5   | Noticed a sphinx
 20838 | Lair:5   | Reached skill level 12 in Long Blades
 20842 | Lair:5   | Killed Kirke
 20842 | Lair:5   | Reached skill level 5 in Stealth
 21004 | Lair:5   | Gained Arbeogh as an ally
 21021 | Lair:5   | Found a staircase to the Slime Pits.
 21022 | Lair:5   | Found a viscous altar of Jiyva.
 21047 | Lair:5   | Gained Zorug as an ally
 21618 | Lair:6   | Entered Level 6 of the Lair of Beasts
 21771 | Lair:6   | Gained Geork as an ally
 21857 | Lair:6   | Reached XP level 14. HP: 84/124 MP: 13/17
 21860 | Lair:6   | Reached skill level 13 in Long Blades
 21941 | Lair:6   | Reached skill level 10 in Polearms
 21983 | Lair:6   | Got a dazzling large shield
 22409 | Lair:6   | Gained Gorg as an ally
 22935 | Orc:1    | Killed an orc warlord
 22935 | Orc:1    | Gained Orkwin as an ally
 23038 | Orc:2    | Found Remuav's Antique Weapon Shop.
 23059 | Orc:2    | Gained mutation: You are partially covered in molten scales. (AC +2) [potion of mutation]
 23059 | Orc:2    | Gained mutation: Your system is resistant to poisons. (rPois) [potion of mutation]
 23069 | Orc:2    | Gained Gorm as an ally
 23071 | Orc:2    | Gained Morbeogh as an ally
 23074 | Orc:2    | Found Ywohir's Antique Armour Emporium.
 23082 | Orc:2    | Noticed an orc warlord
 23351 | D:13     | Reached skill level 14 in Long Blades
 23428 | D:13     | Gained Zorug as an ally
 23535 | D:13     | Noticed Rupert
 23552 | D:13     | HP: 2/126 [Rupert/executioner's axe of venom (41)]
 23563 | D:13     | Killed Rupert
 24966 | D:14     | Reached skill level 5 in Invocations
 24970 | D:14     | Your ally Orkwin died
 25046 | D:14     | Gained Warbeogh as an ally
 25134 | D:14     | Reached skill level 5 in Shields
 25225 | D:14     | Reached XP level 15. HP: 106/134 MP: 18/18
 25582 | D:14     | Found a runed door.
 25623 | D:14     | Reached skill level 15 in Long Blades
 25658 | D:14     | Found a gate to the Vaults.
 26172 | Orc:2    | Found Nodghimy's Book Boutique.
 26217 | Orc:2    | Found a roughly hewn altar of Beogh.
 26238 | Orc:2    | Found Zaocsuq's General Store.
 26563 | D:12     | Bought the +2 crystal plate armour of Indomitability {+Inv rF+ rC-} for 1542 gold pieces
 26747 | Slime:1  | Entered Level 1 of the Pits of Slime
 26747 | Slime:1  | Noticed an acid blob
 26756 | Slime:1  | Killed an acid blob
 27021 | Slime:1  | Noticed an acid blob
 27033 | Slime:1  | Killed an acid blob
 27238 | Spider:1 | Entered Level 1 of the Spider Nest
 27244 | Spider:1 | Noticed Losanti's ghost (journeyman MiBe)
 27278 | Spider:1 | Killed Losanti's ghost
 27848 | Spider:1 | Noticed Louise
 27854 | Spider:1 | Killed Louise
 29287 | Spider:3 | Noticed an emperor scorpion
 29317 | Spider:3 | Killed an emperor scorpion
 29317 | Spider:3 | Reached skill level 16 in Long Blades
 29321 | Spider:3 | Killed a ghost moth
 29321 | Spider:3 | Reached XP level 16. HP: 106/145 MP: 1/19
 29352 | Spider:3 | Gained Nordag as an ally
 29385 | Spider:3 | Gained Wardok as an ally
 29403 | Spider:3 | Your ally Warbeogh died
 29472 | Spider:3 | Your ally Orkwin died
 29473 | Spider:3 | Your ally Wardok died
 29736 | Spider:3 | Your ally Oruk died
 30275 | Spider:4 | Entered Level 4 of the Spider Nest
 30513 | Elf:1    | Entered Level 1 of the Elven Halls
 30596 | Elf:1    | Found a radiant altar of Vehumet.
 31365 | Spider:4 | Gained Gorm as an ally
 31916 | Spider:4 | Your ally Oruk died
 31921 | Spider:4 | HP: 4/147 [spark wasp (16)]
 31924 | Spider:4 | Reached skill level 15 in Armour
 31925 | Spider:4 | Your ally Orkwin died
 31951 | Spider:4 | Your ally Geork died
 32168 | Spider:4 | Reached skill level 15 in Fighting
 32232 | Spider:4 | Got a gossamer rune of Zot
 32479 | Slime:3  | Gained Grimold as an ally
 32493 | Slime:3  | Gained mutation: Armour fits poorly on your strangely shaped body. [a shining eye]
 32497 | Slime:3  | Gained mutation: Your magical capacity is low. (-10% MP) [a shining eye]
 32528 | Slime:3  | Your ally Grimold died
 32552 | Slime:3  | Your ally Grimold died
 32757 | Slime:3  | Reached XP level 17. HP: 55/156 MP: 19/19
 32927 | Slime:4  | Gained Hilgar as an ally
 32942 | Slime:5  | Entered Level 5 of the Pits of Slime
 32946 | Slime:5  | Gained mutation: Your magical capacity is very low. (-20% MP) [a shining eye]
 32965 | Slime:5  | Noticed an acid blob
 32978 | Slime:5  | Killed an acid blob
 32982 | Slime:5  | Gained mutation: You occasionally shout uncontrollably at your foes. [a shining eye]
 33130 | Slime:5  | Noticed an acid blob
 33135 | Slime:5  | Noticed an acid blob
 33139 | Slime:5  | Killed an acid blob
 33144 | Slime:5  | Your ally Hilgar died
 33151 | Slime:3  | Gained mutation: Your movements are slightly less encumbered by armour. (ER -2) [a shining eye]
 33336 | Slime:1  | Gained mutation: Your spells are a little easier to cast, but a little less powerful. [a shining eye]
 33338 | Slime:1  | Gained mutation: You are frail. (-10% HP) [a shining eye]
 33473 | Slime:2  | Gained mutation: Your body sometimes deteriorates upon taking damage. [a shining eye]
 33612 | Slime:4  | Noticed an acid blob
 33627 | Slime:4  | Killed an acid blob
 33725 | Slime:5  | Noticed an acid blob
 33825 | Slime:5  | Killed an acid blob
 33825 | Slime:5  | Reached skill level 17 in Long Blades
 33847 | Slime:4  | Killed an acid blob
 34077 | Slime:5  | Found a viscous altar of Jiyva.
 34107 | Slime:5  | Noticed an acid blob
 34112 | Slime:5  | Killed an acid blob
 34118 | Slime:5  | Noticed an acid blob
 34123 | Slime:5  | Your ally Morbeogh died
 34124 | Slime:5  | Killed an acid blob
 34129 | Slime:5  | Noticed an acid blob
 34132 | Slime:5  | Noticed an acid blob
 34135 | Slime:5  | Killed an acid blob
 34137 | Slime:5  | Noticed an acid blob
 34139 | Slime:5  | Noticed the Royal Jelly
 34144 | Slime:5  | Your ally Gorm died
 34145 | Slime:5  | Killed an acid blob
 34149 | Slime:5  | Noticed an acid blob
 34150 | Slime:5  | Your ally Arbeogh died
 34151 | Slime:5  | Killed an acid blob
 34154 | Slime:5  | Your ally Gorm died
 34156 | Slime:5  | Killed an acid blob
 34159 | Slime:5  | Noticed an acid blob
 34167 | Slime:5  | Noticed an acid blob
 34169 | Slime:5  | Killed an acid blob
 34171 | Slime:5  | Noticed an acid blob
 34171 | Slime:5  | Killed the Royal Jelly
 34174 | Slime:5  | Killed an acid blob
 34183 | Slime:5  | Killed an acid blob
 34183 | Slime:5  | Your ally Nordag died
 34185 | Slime:5  | HP: 5/140 [azure jelly[the Royal Jelly] (4)]
 34185 | Slime:5  | Slain by an azure jelly

Skill      XL: |  1  2  3  4  5  6  7  8  9 10 11 12 13 14 15 16 17 |
---------------+----------------------------------------------------+-----
Fighting       | 4 5 6 7 9 10 11 12 13 15 | 15.8
Armour         | 1 2 4 6 8 9 10 11 12 13 15 16 | 16.6
Long Blades    | 4 5 8 9 11 12 14 16 17 | 17.2
Dodging        | 3 4 5 6 7 8 |  8.1
Stealth        | 2 3 4 5 |  5.9
Polearms       | 1 3 6 7 8 9 10 | 10.0
Invocations    | 1 2 3 4 5 6 |  6.5
Throwing       | 1 2 3 |  3.2
Shields        | 2 4 5 6 8 |  8.8
Evocations     | 1 2 |  2.9

Action                   |  1- 3 |  4- 6 |  7- 9 | 10-12 | 13-15 | 16-18 || total
-------------------------+-------+-------+-------+-------+-------+-------++-------
Melee: Falchion          |    89 |   222 |    54 |   612 |   143 |       ||  1120
       Spear             |       |       |   354 |   287 |    36 |       ||   677
       Double sword      |       |       |       |    23 |   684 |   614 ||  1321
Throw: Tomahawk          |       |     5 |     8 |    14 |    28 |     5 ||    60
Invok: Convert to Beogh  |       |     1 |       |       |       |       ||     1
       Smiting           |       |       |     4 |     5 |    15 |    11 ||    35
       Recall Orcish Fol |       |       |       |    14 |    18 |     8 ||    40
       Give Item to Name |       |       |       |     2 |     7 |     4 ||    13
       Resurrection      |       |       |       |       |     1 |     3 ||     4
       Stop Recall       |       |       |       |       |       |     1 ||     1
Evoke: Wand              |       |       |       |    12 |     7 |     6 ||    25
  Use: Scroll            |     1 |     3 |     6 |    22 |    16 |     9 ||    57
       Potion            |       |     7 |     4 |     3 |     7 |    11 ||    32
 Stab: Sleeping          |       |     7 |       |     3 |       |       ||    10
       Distracted        |       |       |     3 |     8 |    11 |     6 ||    28
       Paralysed         |       |       |       |       |       |     1 ||     1
  Eat: Chunk             |       |     5 |     9 |     8 |    29 |     9 ||    60
       Ration            |       |     2 |     1 |     8 |     4 |     1 ||    16
Armor: Robe              |    13 |    40 |       |       |       |       ||    53
       Leather armour    |       |    11 |       |       |       |       ||    11
       Scale mail        |       |     9 |   124 |   438 |   326 |       ||   897
       Skin              |       |       |    17 |       |       |       ||    17
       Crystal plate arm |       |       |       |       |   200 |   471 ||   671
Dodge: Dodged            |    69 |   150 |   195 |   543 |   394 |   175 ||  1526
Block: Buckler           |       |       |       |   167 |   263 |   238 ||   668
       Rpst.: Falchion   |    21 |    54 |     8 |   132 |    22 |       ||   237
       Double sword      |       |       |       |     1 |    87 |    46 ||   134
